 Dungeon Crawl Stone Soup version 0.30-a0-578-gdee14c521f (webtiles) character file.

Game seed: 1097197652496714377

339 scionoferis the Ruffian (level 6, -1/53 HPs)
             Began as a Draconian Monk on Dec 31, 2022.
             Killed by nerve-wracking pain
             ... invoked by an orc priest
              (11 damage)
             ... on level 4 of the Dungeon.
             The game lasted 00:06:30 (2823 turns).

scionoferis the Ruffian (Draconian Monk)            Turns: 2823, Time: 00:06:30

Health: -1/53      AC:  6    Str: 16    XL:     6   Next: 29%
Magic:  6/6        EV: 18    Int: 10    God:
Gold:   183        SH:  0    Dex: 13    Spells: 5/5 levels left

rFire   . . .      SeeInvis +      - Unarmed
rCold   . . .      Faith    .    (no shield)
rNeg    . . .      Spirit   .    (body armour unavailable)
rPois   .          Reflect  .    h - +0 hat
rElec   .          Harm     .    (no cloak)
rCorr   .          Rampage  .    (no gloves)
Will    .....                    (no boots)
Stlth   ++                       (no amulet)
HPRegen 0.28/turn                e - +5 ring of evasion
MPRegen 0.10/turn                a - ring of see invisible

@: no status effects
A: AC +6, unfitting armour, cold-blooded
a: no special abilities


You were on level 4 of the Dungeon.
You visited 1 branch of the dungeon, and saw 4 of its levels.

You collected 183 gold pieces.


Innate Abilities, Weirdness & Mutations

Your plain brown scales are hard. (AC +6)
You cannot fit into any form of body armour.
You are cold-blooded and may be slowed by cold attacks.


   Skills:
 + Level 4.4 Fighting
 + Level 3.5 Dodging
 - Level 4.0 Stealth
 * Level 4.7 Unarmed Combat


You had 5 spell levels left.
You didn't know any spells.
Your spell library contained the following spells:

 Spells                   Type           Power      Damage    Failure   Level
 Apportation              Tloc           0%         N/A       36%         1
 Sandblast                Erth           0%         2d4       36%         1
 Passwall                 Tmut/Erth      0%         N/A       50%         2
 Stone Arrow              Conj/Erth      0%         3d7       75%         3
 Alistair's Intoxication  Tmut/Pois      0%         N/A       100%        5

Inventory:

Missiles
 c - 6 poisoned darts (quivered)
Armour
 h - a +0 hat (worn)
   (You found it on level 4 of the Dungeon)
Jewellery
 a - a ring of see invisible (right hand)
   (You found it on level 3 of the Dungeon)
 e - a +5 ring of evasion (left hand)
   (You found it on level 1 of the Dungeon)
 m - a ring of flight
   (You found it on level 2 of the Dungeon)
Wands
 d - a wand of digging (7)
   (You took it off Natasha on level 2 of the Dungeon)
Scrolls
 b - a scroll of amnesia {unknown}
 f - 2 scrolls of blinking {unknown}
 g - 3 scrolls of teleportation {unknown}
 j - a scroll of acquirement {unknown}
 l - 2 scrolls of fear {unknown}
 o - a scroll of enchant armour {unknown}
 p - a scroll of identify {unknown}
 q - a scroll of magic mapping {unknown}
 r - a scroll of fog {unknown}
Potions
 i - a potion of attraction
 k - 2 potions of flight

Dungeon Overview and Level Annotations

Branches:
Dungeon (4/15)
 Temple: D:4-7

Altars:

..#######.#.##.##..#(....
.........................
#.######..#.##.##..#.....
#.# ###..# #.#.........
..##......# #.#.........
.>...# #.# ##.#...###..#
..##### #.#.##.#...# ##
......###.#.##.#...# .
.####...#.#.##.#@.## ..o
.######.....##.o###.....
............##.().o....[
..........#.##.###......
..........#.##(# (...⌠
..........#.##.# ....
............##.# o..
......#.....##.# ..
......#........#### .


You could see an orc priest.


Message History

The worm completely misses you.
You barely miss the worm.
The worm is heavily wounded.
You hit the worm.
The worm is almost dead.
The worm bites you!
You hit the worm.
You kill the worm!
No target in view!
You now have 83 gold pieces (gained 17).
There is a stone staircase leading down here.
Done exploring.
Done exploring.
There is a stone staircase leading down here.
You fly downwards.
Found a scroll labelled BUAMPE OPNESCH and a leather armour.
There is a stone staircase leading up here.
The endoplasm quivers.
The kobold shouts!
The endoplasm barely misses you.
You hit the endoplasm.
You tail-slap the endoplasm, but do no damage.
The endoplasm is severely wounded.
You hit the endoplasm.
The endoplasm is almost dead.
The kobold misses you. The endoplasm hits you.
You hit the endoplasm.
You kill the endoplasm!
The kobold misses you. The kobold barely misses you.
You barely miss the kobold. The kobold misses you.
You hit the kobold.
The kobold is severely wounded.
The kobold misses you.
You barely miss the kobold.
The kobold is severely wounded.
The kobold closely misses you.
You closely miss the kobold. You tail-slap the kobold.
You kill the kobold!
Things that are here:
a +0 club; a kobold corpse An endoplasm and an orc come into view. 2 orcs and an orc wizard come into view.
The orc shouts!
The orc wizard shouts!
The orc shouts! x2
The endoplasm quivers.
An orc comes into view. It is wielding a +0 falchion.
You hit the endoplasm. You tail-slap the endoplasm.
The endoplasm is almost dead.
The endoplasm closely misses you.
You hit the endoplasm but do no damage.
The endoplasm is almost dead.
The endoplasm freezes you.
You are frozen.
You hit the endoplasm.
You kill the endoplasm!
You hit the orc.
The orc is heavily wounded.
You hit the orc wizard but do no damage.
You closely miss the orc wizard.
The orc wizard hits you but does no damage.
You hit the orc wizard.
Your tail-slap misses the orc wizard.
Your punch misses the orc wizard.
The orc wizard is lightly wounded.
You hit the orc wizard but do no damage.
The orc wizard is lightly wounded.
The orc wizard gestures wildly while chanting.
The orc wizard flickers and vanishes!
Deactivating autopickup; reactivate with Ctrl-A.
You closely miss something. Something hits you.
You barely miss something. Something hits you.
You hit something.
Your tail-slap misses something.
Something hits you.
You miss something. You tail-slap something. Something hits you.
You hit something. Something hits you but does no damage.
You miss something. Something hits you but does no damage.
You hit something. Something hits you.
You miss something.
Your tail-slap misses something.
Something hits you but does no damage.
You completely miss something. Something barely misses you.
You closely miss something.
You hear some strange, mumbled words.
You are confused.
You're too confused to attack without stumbling around!
You're too confused to attack without stumbling around!
You're too confused to attack without stumbling around!
You miss something. You completely miss something.
Your tail-slap misses something.
Something hits you but does no damage. Something hits you.
Jessica shouts!
Something hits you. The orc misses you.
You barely miss the orc. Your punch misses the orc.
The orc is heavily wounded.
You hear some strange, mumbled words.
You are more confused.
The orc barely misses you.
You bump into the rock wall.
Something hits you. The orc hits you with a +0 club.
You bump into the rock wall.
Something hits you. The orc barely misses you.
Unknown command.
You hear some strange, mumbled words.
A magic dart appears from out of thin air!
The magic dart hits you.
* * * LOW HITPOINT WARNING * * *
You are more confused.
You feel invigorated. Jessica completely misses you. Something hits you.
* * * LOW HITPOINT WARNING * * *
The orc closely misses you.
You barely miss the orc.
The orc is heavily wounded.
The orc hits you with a +0 club. Something hits you.
* * * LOW HITPOINT WARNING * * *
Jessica misses you.
You closely miss something.
Your tail-slap misses something.
Something hits you. The orc misses you. Jessica hits you with a +0 club.
* * * LOW HITPOINT WARNING * * *
Jessica hits you with a +0 club.
* * * LOW HITPOINT WARNING * * *
Something hits you but does no damage.
Jessica points at you and mumbles some strange words.
You resist with some effort.
You hear some strange, mumbled words.
You are more confused.
Jessica mumbles some strange words.
Jessica blinks!
Something hits you. The orc hits you but does no damage.
Something hits you but does no damage.
There is a stone staircase leading up here.
You feel less invigorated. Jessica barely misses you. Something hits you.
The orc closely misses you. The orc misses you.
You fly upwards.
Reactivating autopickup.
There is a stone staircase leading down here.
The orc hits you but does no damage. Jessica completely misses you.
Something hits you but does no damage.
Deactivating autopickup; reactivate with Ctrl-A.
You bump into the rock wall.
The orc completely misses you. The orc barely misses you.
Jessica casts a spell at you. You resist with some effort.
Something hits you but does no damage.
You hit something but do no damage.
Your tail-slap misses something.
The orc misses you. The orc barely misses you.
Jessica very coldly says, "I hate your company."
Jessica closely misses you. Something hits you but does no damage.
You closely miss the orc. The orc closely misses you. The orc misses you.
Jessica points at you and mumbles some strange words.
Pain shoots through your body! Something hits you but does no damage.
You miss something.
Your tail-slap misses something.
The orc hits you with a +0 club. The orc hits you but does no damage.
Jessica barely misses you.
You hear some strange, mumbled words.
A magic dart appears from out of thin air!
The magic dart hits you!
It was a potion of degeneration.
There was something very wrong with that liquid.
You feel weakened.
You feel dopey.
You feel clumsy. The orc misses you. x2
Jessica mumbles some strange words.
Jessica blinks!
Something hits you but does no damage.
It was a potion of heal wounds.
You feel much better. The orc hits you with a +0 club.
The orc barely misses you.
You hear some strange, mumbled words.
A magic dart appears from out of thin air!
The magic dart hits you.
You bump into the rock wall.
You feel less confused.
The orc misses you. x2; Something hits you.
You barely miss something.
Your tail-slap misses something.
The orc hits you with a +0 club. The orc hits you with a +0 dagger.
Something closely misses you.
You closely miss something. The orc misses you. The orc completely misses you.
Something hits you but does no damage.
It was a potion of attraction.
You feel attractive to monsters. The orc hits you but does no damage.
The orc misses you.
Jessica mumbles some strange words.
Jessica blinks!
Something hits you but does no damage. Jessica is attracted toward you.
It was a potion of flight.
You feel more buoyant.
The orc misses you. x2; Something completely misses you.
It was a potion of brilliance.
You feel clever all of a sudden. The orc misses you. x2
Jessica gestures wildly while chanting.
Jessica blinks!
You hear some strange, mumbled words.
A magic dart appears from out of thin air!
The magic dart hits you! Jessica is attracted toward you.
Unknown command.
It was a potion of might.
You feel very mighty all of a sudden. The orc barely misses you.
The orc closely misses you. Something hits you but does no damage.
You miss something. The orc hits you but does no damage. x2
Something hits you but does no damage.
You closely miss something.
Your tail-slap misses something.
An orc wizard appears from thin air!
Reactivating autopickup.
The orc barely misses you. x2; The orc wizard misses you.
You barely miss the orc wizard.
Your tail-slap misses the orc wizard.
The orc wizard is severely wounded.
The orc barely misses you. The orc hits you but does no damage.
The orc wizard hits you but does no damage.
You punch the orc wizard!
You kill the orc wizard!
The orc hits you with a +0 club. The orc barely misses you.
You feel your dexterity returning.
Your Dodging skill increases to level 3!
You have reached level 4!
You feel stronger. The orc attacks as you move away!
The orc hits you but does no damage. The orc hits you with a +0 club.
Jessica gestures wildly while chanting.
Jessica seems to speed up.
Things that are here:
a +0 dagger; a +0 robe The orc attacks as you move away!
The orc hits you but does no damage. Jessica is attracted toward you.
You punch the orc!
You kill the orc!
You punch the orc!
You kill the orc!
You closely miss Jessica. You tail-slap Jessica!
You kill Jessica!
You feel your dexterity returning.
Your Stealth skill increases to level 3!
Items here: ))) [ †.
Okay, then.
Unknown command.
Things that are here:
a +0 dagger; a +0 robe
There is a stone staircase leading down here.
You start resting.
You feel less attractive to monsters.
You start resting.
You feel a little less clever now.
You start resting.
You feel a little less mighty now.
You start resting.
HP restored.
You fly downwards.
The orc misses you. The orc closely misses you.
There is a stone staircase leading up here.
You punch the orc!
Your tail-slap misses the orc.
The orc is almost dead.
You closely miss the orc.
The orc is almost dead.
The orc hits you with a +0 falchion.
You hit the orc but do no damage.
The orc is almost dead.
The orc hits you but does no damage. The orc hits you with a +0 hand axe.
You hit the orc.
You kill the orc!
The orc barely misses you.
You completely miss the orc. The orc barely misses you.
You hit the orc.
The orc is severely wounded.
The orc barely misses you.
You hit the orc.
You kill the orc!
No target in view!
No target in view!
HP restored.
You see here a +0 hand axe.
g - 3 scrolls labelled BUAMPE OPNESCH (gained 1)
Found a robe.
A bat comes into view.
The bat moves out of view.
A bat is nearby!
A bat is nearby!
You closely miss the bat. The bat barely misses you.
The bat closely misses you. The bat closely misses you.
You hit the bat.
You kill the bat!
No target in view!
Found a short sword.
Found an escape hatch in the ceiling.
Natasha, Servant of Life and Death comes into view.
Found a hand axe.
A rat comes into view.
You see here a +0 short sword.
Natasha claws you.
There is an escape hatch in the ceiling, spattered with blood here.
You closely miss Natasha.
You tail-slap Natasha, but do no damage.
Natasha misses you.
You closely miss Natasha. Natasha claws you!
You hit Natasha.
Natasha is lightly wounded.
Natasha closely misses you.
You barely miss Natasha.
Your tail-slap misses Natasha.
Natasha is lightly wounded.
Natasha misses you.
You barely miss Natasha.
Natasha is lightly wounded.
Natasha misses you. The rat misses you.
You hit Natasha.
Natasha is moderately wounded.
Natasha closely misses you.
You hit Natasha.
Natasha is heavily wounded.
The rat barely misses you. Natasha casts a spell at you.
You resist with some effort.
You completely miss Natasha.
Your tail-slap misses Natasha.
Natasha is heavily wounded.
The rat bites you but does no damage.
Natasha stares at you and mumbles some strange words.
You resist with some effort.
You hit Natasha but do no damage.
Natasha is heavily wounded.
The rat closely misses you. Natasha completely misses you.
You closely miss Natasha.
Natasha is heavily wounded.
The rat bites you but does no damage.
You barely miss Natasha.
You tail-slap Natasha, but do no damage.
Natasha is heavily wounded.
Natasha misses you. The rat closely misses you.
You closely miss Natasha.
Natasha is heavily wounded.
Natasha stares at you and mumbles some strange words.
You resist with some effort. The rat closely misses you.
You hit Natasha. You tail-slap Natasha.
Natasha is severely wounded.
Natasha completely misses you. The rat barely misses you.
You closely miss Natasha.
You tail-slap Natasha, but do no damage.
Natasha is severely wounded.
Natasha claws you. The rat bites you but does no damage.
You hit Natasha.
You kill Natasha!
Suddenly Natasha's spirit rises from her lifeless body.
The rat completely misses you.
You feel your intelligence returning.
Your Unarmed Combat skill increases to level 4!
The rat completely misses you.
You see here the felid corpse of Natasha.
You hit the rat.
The rat is moderately wounded.
The rat misses you.
You closely miss the rat.
The rat is moderately wounded.
The rat barely misses you.
You closely miss the rat.
Your tail-slap misses the rat.
The rat is moderately wounded.
You hit the rat.
You kill the rat!
There is an escape hatch in the ceiling, spattered with blood here.
You see here a +0 short sword.
Found a stone staircase leading down.
Found 5 stones.
You now have 94 gold pieces (gained 11).
There is a stone staircase leading down here.
You see here 5 stones.
A hobgoblin comes into view.
The hobgoblin shouts!
The hobgoblin hits you but does no damage.
You barely miss the hobgoblin. The hobgoblin completely misses you.
You hit the hobgoblin.
You kill the hobgoblin!
No target in view!
a - a ring of see invisible A rat comes into view.
You're wearing all the rings you can.
Remove which one? (? for menu, Esc to cancel) < or
e - a +5 ring of evasion; > or
m - a ring of flight You remove your ring of flight.
You float gracefully downwards.
a - a ring of see invisible (right hand) Natasha, Servant of Life and Death comes into view.
The helpless rat fails to defend itself.
You hit the rat.
You kill the rat!
Natasha closely misses you.
You barely miss Natasha. Natasha completely misses you.
You closely miss Natasha. Natasha barely misses you.
You barely miss Natasha. Natasha barely misses you.
You hit Natasha.
You tail-slap Natasha, but do no damage.
Natasha is moderately wounded.
Natasha barely misses you.
You closely miss Natasha.
Natasha is moderately wounded.
Natasha barely misses you.
You barely miss Natasha.
Natasha is moderately wounded.
Natasha closely misses you.
You barely miss Natasha.
Natasha is moderately wounded.
You barely miss Natasha.
Natasha is moderately wounded.
Natasha closely misses you.
You closely miss Natasha.
Natasha is moderately wounded.
Natasha completely misses you.
You hit Natasha. Your punch misses Natasha.
Natasha is heavily wounded.
Natasha stares at you and mumbles some strange words.
The magic dart hits you.
You hit Natasha.
Your tail-slap misses Natasha.
Natasha is severely wounded.
Natasha casts a spell at you. The magic dart hits you!
You hit Natasha but do no damage. You tail-slap Natasha.
Natasha is almost dead.
Natasha barely misses you.
You hit Natasha.
You kill Natasha!
Natasha growls in agony!
Your Fighting skill increases to level 4!
You have reached level 5!
You hear a zap.
You hear a grinding noise.
Found a stone staircase leading down.
Found a robe.
Found a stone staircase leading up.
A goblin comes into view. It is wielding a +0 dagger.
Found 4 stones.
Found a stone staircase leading up.
The goblin shouts!
Found a robe and a scroll labelled FASOUBB MOVO.
Natasha, Servant of Life and Death comes into view.
She is carrying a wand of digging (7).
A ball python comes into view.
The ball python hisses angrily.
The goblin hits you but does no damage.
You hit the goblin.
You kill the goblin!
Natasha casts a spell.
Found a sling.
Natasha closely misses you. The ball python misses you. x2
The white imp closely misses you. The white imp attacks as you move away!
The white imp misses you.
The ball python attacks as you move away!
The ball python misses you. Natasha claws you but does no damage.
There is a stone staircase leading up here.
Natasha closely misses you. The ball python misses you.
The ball python grabs you.
You stop ascending the stairs.
The ball python constricts you.
Unknown command.
You hit the ball python.
The ball python is heavily wounded.
The ball python closely misses you. The ball python constricts you.
Natasha claws you but does no damage. The white imp gestures at you.
The puff of frost hits you!
You hit the ball python.
You kill the ball python!
Natasha misses you.
The white imp hits you but does no damage.
Natasha closely misses you.
You climb upwards.
The white imp disappears in a puff of smoke!
There is a stone staircase leading down here.
You hit Natasha but do no damage.
Your tail-slap misses Natasha.
Natasha barely misses you.
You closely miss Natasha. Natasha misses you.
You closely miss Natasha.
Natasha casts a spell.
You barely miss Natasha. Natasha barely misses you.
You hit Natasha.
Natasha is lightly wounded.
Natasha completely misses you.
You hit Natasha.
Natasha is moderately wounded.
The white imp gestures at you. The puff of frost hits you! Natasha claws you.
You hit Natasha.
Your tail-slap misses Natasha.
Natasha is heavily wounded.
The white imp closely misses you.
You barely miss Natasha.
Your tail-slap misses Natasha.
Natasha is heavily wounded.
Natasha barely misses you. The white imp hits you. The white imp freezes you.
You feel yourself slow down.
You closely miss Natasha. You tail-slap Natasha.
Natasha is almost dead.
Natasha casts a spell at you. The magic dart hits you.
The white imp barely misses you. Natasha misses you.
You barely miss Natasha.
Natasha is almost dead.
You feel yourself speed up. The white imp gestures at you.
The puff of frost hits you but does no damage.
Natasha claws you. The white imp gestures at you. The puff of frost misses you.
You closely miss Natasha.
Natasha is severely wounded.
Natasha stares at you and mumbles some strange words.
The magic dart hits you!
* * * LOW HITPOINT WARNING * * *
The white imp misses you.
You closely miss Natasha.
Your tail-slap misses Natasha.
Natasha is severely wounded.
Natasha casts a spell at you.
You feel yourself slow down.
The white imp shouts, "Flee, thou hateful weevil-witted mule!"
The white imp hits you but does no damage.
You hit Natasha.
You kill Natasha!
You feel Natasha's spirit has finally been put to rest.
The white imp disappears in a puff of smoke!
You feel your dexterity returning.
d - a wand of digging (7);
k - a bubbling red potion You see here the felid corpse of Natasha.
There is a stone staircase leading down here.
You start resting.
You feel yourself speed up.
You start resting.
HP restored.
You climb downwards.
The kobold shouts!
There is a stone staircase leading up here.
A kobold is nearby!
You punch the kobold!
You kill the kobold!
No target in view!
l - 2 scrolls labelled FASOUBB MOVO (gained 1)
A quokka comes into view.
A quokka is nearby!
No target in view!
No target in view!
Found a stone staircase leading down.
You hit the quokka but do no damage. The quokka misses you.
You closely miss the quokka. Your punch misses the quokka.
The quokka bites you.
You hit the quokka. You tail-slap the quokka.
You kill the quokka!
No target in view!
No target in view!
HP restored.
You now have 113 gold pieces (gained 19).
You now have 131 gold pieces (gained 18).
f - 2 scrolls labelled UGIALE NULLIYG (gained 1)
Found an escape hatch in the floor.
There is an escape hatch in the floor here.
Found a mace.
You see here 5 stones.
Done exploring.
Done exploring.
Search for what [? for help]? d: Unknown command.
You drop 2 potions of degeneration.
There is a stone staircase leading down here.
You climb downwards.
There is a stone staircase leading up here.
You open the door.
There is an open door here.
b - a scroll labelled ETZITE ESTRE A hobgoblin comes into view.
A hobgoblin is nearby!
The hobgoblin shouts!
You hear a shout! x2
An adder comes into view.
The adder moves out of view.
You hear a shout!
You hear an angry hiss.
An orc priest comes into view. It is wielding a +0 short sword.
Found a hat.
The orc priest shouts!
An orc comes into view. It is wielding a +0 club.
You closely miss the hobgoblin. You closely miss the hobgoblin.
Your tail-slap misses the hobgoblin.
The hobgoblin completely misses you.
The orc priest looks braver for a moment.
An orc comes into view. It is wielding a +0 falchion.
The adder hisses angrily.
You hit the hobgoblin.
The hobgoblin is moderately wounded.
The hobgoblin closely misses you. The hobgoblin misses you.
You closely miss the orc priest. The adder bites you.
The hobgoblin barely misses you. The orc priest completely misses you.
You closely miss the orc priest. The adder completely misses you.
The hobgoblin hits you but does no damage.
The orc priest completely misses you. The adder bites you but does no damage.
The adder attacks as you move away!
The adder misses you. 2 orc wizards come into view.
An orc wizard is wielding a +2 dagger of venom.
The hobgoblin completely misses you.
The orc wizard moves out of view.
The adder attacks as you move away! The adder completely misses you.
The hobgoblin attacks as you move away! The hobgoblin misses you.
The orc wizard shouts!
The orc wizard shouts!
You hit the adder but do no damage. The adder bites you but does no damage.
You barely miss the adder. The adder misses you.
You hit the adder.
Your tail-slap misses the adder.
The adder is moderately wounded.
The adder bites you. The adder misses you.
You barely miss the adder.
The adder is moderately wounded.
The adder misses you.
You hit the adder.
Your tail-slap misses the adder.
The adder is heavily wounded.
The adder closely misses you.
You barely miss the adder.
The adder is heavily wounded.
The adder bites you but does no damage.
You barely miss the adder.
The adder is heavily wounded.
The adder misses you. The adder barely misses you.
You punch the adder!
You kill the adder!
Unknown command.
You barely miss the hobgoblin.
The hobgoblin hits you but does no damage.
You hit the hobgoblin.
The hobgoblin is moderately wounded.
The hobgoblin closely misses you.
You barely miss the hobgoblin.
The hobgoblin is moderately wounded.
The hobgoblin misses you.
The orc wizard casts a spell.
The orc wizard flickers and vanishes for a moment.
You closely miss the hobgoblin.
The hobgoblin is moderately wounded.
The hobgoblin completely misses you.
You hit the hobgoblin.
You kill the hobgoblin!
Throw: 9 darts (poison)
Press: ? - help, Q - select action Shift-Dir - straight line, f - orc priest
Aim: an orc priest, wielding a +0 short sword and wearing a +0 leather armour (59% to hit)
You throw a poisoned dart.
The poisoned dart completely misses the orc wizard.
The poisoned dart hits the orc priest.
The orc priest is poisoned.
The orc wizard hits you with a +2 dagger of venom.
You are poisoned.
Throw: 8 darts (poison)
Press: ? - help, Q - select action Shift-Dir - straight line, f/p - orc priest
Aim: an orc priest, wielding a +0 short sword and wearing a +0 leather armour (lightly wounded, poisoned, 59% to hit)
You throw a poisoned dart. The poisoned dart hits the orc wizard.
You feel sick. The orc wizard completely misses you.
You barely miss the orc wizard.
You tail-slap the orc wizard, but do no damage.
You feel sick.
The orc wizard gestures at you while chanting.
The puff of flame hits you.
You barely miss the orc wizard. You tail-slap the orc wizard.
The orc wizard is moderately wounded.
You feel sick. The orc wizard closely misses you.
The orc priest calls down the wrath of Beogh upon you.
Beogh smites you!
You hit the orc wizard but do no damage.
The orc wizard is moderately wounded.
You feel sick. The orc wizard closely misses you.
You hit the orc wizard but do no damage.
The orc wizard is moderately wounded.
You feel sick. The orc wizard completely misses you.
You hit the orc wizard but do no damage.
You tail-slap the orc wizard.
The orc wizard is moderately wounded.
You feel sick.
The orc wizard hits you with a +2 dagger of venom.
You are more poisoned.
You hit the orc wizard. You tail-slap the orc wizard.
The orc wizard is severely wounded.
You feel very sick.
Okay, then.
Unknown command.
You hit the orc wizard.
You tail-slap the orc wizard, but do no damage.
You punch the orc wizard.
The orc wizard is almost dead.
You feel sick.
The orc priest looks more healthy.
The orc wizard points at you and mumbles some strange words.
You are confused.
You feel much better.
You feel very sick. The orc wizard completely misses you.
Unknown command.
You hit the orc wizard.
You kill the orc wizard!
You feel sick.
You feel your strength returning.
You're too confused to move!
You feel sick. The orc priest closely misses you.
You bump into the rock wall.
You feel sick.
The orc priest hits you with a +0 short sword.
An orc priest comes into view. It is wielding a +0 hand axe.
You closely miss the orc priest.
The orc priest is heavily wounded.
You feel sick.
The orc priest hits you with a +0 short sword.
You bump into the rock wall.
You feel less confused.
You feel sick. The orc priest closely misses you.
You hit the orc priest.
The orc priest is heavily wounded.
You feel sick.
The orc priest looks satisfied for a moment.
You hit the orc priest. You tail-slap the orc priest.
The orc priest is severely wounded.
You feel sick.
You are no longer poisoned.
The orc priest barely misses you.
You hit the orc priest.
The orc priest is almost dead.
The orc priest closely misses you.
You closely miss the orc priest.
The orc priest is almost dead.
The orc priest invokes the aid of Beogh against you.
Beogh smites you!
The orc priest invokes the aid of Beogh against you.
Pain shoots through your body!
You punch the orc priest!
You kill the orc priest!
You hit the orc. You tail-slap the orc.
The orc is almost dead.
The orc closely misses you.
You hit the orc but do no damage. You tail-slap the orc.
You kill the orc!
The orc priest closely misses you.
The orc wizard points at you and mumbles some strange words.
You resist with some effort.
Items here: ( ))) [[ †.
You hit the orc priest.
The orc priest is moderately wounded.
The orc priest mumbles some strange prayers to Beogh against you.
Pain shoots through your body!
* * * LOW HITPOINT WARNING * * *
The orc wizard casts a spell.
The orc wizard flickers and vanishes for a moment.
You hit the orc priest.
Your tail-slap misses the orc priest.
The orc priest is heavily wounded.
The orc priest invokes the aid of Beogh against you.
You barely resist.
The orc wizard hits you with a +0 dagger.
* * * LOW HITPOINT WARNING * * *
It was a potion of lignification.
You turn into a tree.
Your roots penetrate the ground.
The orc priest hits you but does no damage.
The orc wizard hits you but does no damage.
You smack the orc priest!
You kill the orc priest!
You feel your strength returning.
You have reached level 6!
Your scales feel tougher.
You hit the orc wizard but do no damage.
The orc wizard hits you but does no damage.
You smack the orc wizard!
The orc wizard is heavily wounded.
The orc hits you but does no damage.
The orc wizard hits you but does no damage.
You smack the orc wizard!
You kill the orc wizard!
The orc hits you but does no damage.
Training target 4.0 for Stealth reached!
Your Stealth skill increases to level 4!
You smack the orc!
You kill the orc!
You start resting.
Your transformation is almost over.
You start resting.
You feel less wooden.
You start resting.
An adder comes into view.
You start resting.
HP restored.
c - 8 poisoned darts (gained 1)
Items here: ))) [[ †.
Items here: ( )) [.
c - 9 poisoned darts (gained 1)
Items here: ))) [[ †.
Okay, then.
You see here a +0 club.
Found 4 stones.
You see here a +0 hat.
h - a +0 hat You start putting on your armour.
You continue putting on your +0 hat. x4
You finish putting on your +0 hat.
An adder is nearby!
You catch the helpless adder completely off-guard!
You hit the adder.
The adder is heavily wounded.
The adder barely misses you.
You miss the adder.
You tail-slap the adder, but do no damage.
The adder is heavily wounded.
The adder bites you but does no damage.
You miss the adder.
The adder is heavily wounded.
The adder misses you.
You miss the adder.
The adder is heavily wounded.
The adder completely misses you.
A quokka comes into view.
You hit the adder.
The adder is heavily wounded.
The adder closely misses you. x2
You punch the adder!
You kill the adder!
The quokka completely misses you.
You closely miss the quokka.
Your tail-slap misses the quokka.
The quokka closely misses you.
You hit the quokka.
The quokka is severely wounded.
The quokka bites you.
You hit the quokka.
You kill the quokka!
No target in view!
k - 2 potions of flight You now have 146 gold pieces (gained 15).
Found a stone staircase leading down.
A hobgoblin comes into view.
The hobgoblin shouts!
The hobgoblin closely misses you.
You hit the hobgoblin.
The hobgoblin is lightly wounded.
The hobgoblin hits you.
You completely miss the hobgoblin.
The hobgoblin is lightly wounded.
The hobgoblin hits you but does no damage.
You barely miss the hobgoblin.
The hobgoblin is lightly wounded.
The hobgoblin closely misses you.
You punch the hobgoblin!
You kill the hobgoblin!
No target in view!
You now have 161 gold pieces (gained 15).
You now have 170 gold pieces (gained 9).
You open the door.
There is an open door here.
An adder comes into view.
You closely miss the adder. The adder closely misses you.
You hit the adder but do no damage. The adder bites you.
You barely miss the adder. The adder barely misses you.
You completely miss the adder. The adder bites you but does no damage.
You miss the adder. The adder misses you. x2
You punch the adder!
The adder is severely wounded.
The adder bites you but does no damage.
You closely miss the adder.
The adder is severely wounded.
The adder misses you.
You hit the adder.
You kill the adder!
A ball python comes into view.
The ball python hisses angrily.
A ball python is nearby!
You completely miss the ball python.
The ball python bites you but does no damage.
The ball python misses you.
You closely miss the ball python.
The ball python bites you but does no damage.
The ball python completely misses you.
You barely miss the ball python. The ball python closely misses you.
The ball python grabs you. The ball python constricts you.
You completely miss the ball python. The ball python misses you.
The ball python constricts you.
You hit the ball python.
You kill the ball python!
No target in view!
Found 6 boomerangs of dispersal.
You see here a ball python corpse.
You now have 183 gold pieces (gained 13). 2 ball pythons come into view.
The ball python hisses angrily.
An orc comes into view. It is wielding a +0 short sword.
The ball python moves out of view.
An orc and an orc priest come into view.
The orc priest is wielding a +1 heavy hand axe.
Found a robe.
You barely miss the ball python. The ball python barely misses you.
The ball python closely misses you.
You hit the ball python.
The ball python is moderately wounded.
The ball python bites you. The ball python misses you.
The ball python bites you but does no damage.
The ball python grabs you. The ball python constricts you.
You punch the ball python!
You kill the ball python!
Throw: 9 darts (poison)
Press: ? - help, Q - select action Shift-Dir - straight line, f - orc
Aim: an orc, wielding a +0 short sword (wandering, hasn't noticed you, 59% to hit)
You throw a poisoned dart. The poisoned dart hits the orc.
The orc is poisoned.
The orc shouts!
You hear a shout! x2
Unknown command.
You punch the orc!
You kill the orc!
An orc comes into view. It is wielding a +2 hand axe of venom.
You see here a +0 short sword.
An orc wizard comes into view. It is wielding a +0 trident.
The orc priest shouts!
You hit the orc but do no damage. The orc completely misses you.
You hit the orc but do no damage. The orc hits you but does no damage.
You are poisoned.
You punch the orc!
You kill the orc!
You feel sick.
You start resting.
You feel sick.
An orc priest is nearby!
Throw: 8 darts (poison)
Press: ? - help, Q - select action Shift-Dir - straight line, f - orc priest
Aim: an orc priest, wielding a +1 heavy hand axe and wearing a +0 chain mail (67% to hit)
You throw a poisoned dart.
The poisoned dart closely misses the orc priest.
You feel sick.
The orc priest casts a cantrip, but nothing happens.
Throw: 7 darts (poison)
Press: ? - help, Q - select action Shift-Dir - straight line, f/p - orc priest
Aim: an orc priest, wielding a +1 heavy hand axe and wearing a +0 chain mail (67% to hit)
You throw a poisoned dart. The poisoned dart hits the orc priest.
The orc priest is poisoned.
You feel sick.
You closely miss the orc priest.
You feel sick.
You hear a shout!
The orc priest barely misses you.
You hit the orc priest but do no damage.
You feel sick.
You hit the orc priest.
The orc priest is moderately wounded.
You feel sick.
The orc priest looks satisfied for a moment.
You hit the orc priest but do no damage.
The orc priest is moderately wounded.
You feel sick.
You are no longer poisoned.
The orc priest hits you with a +1 heavy hand axe!
You hit the orc priest.
The orc priest is moderately wounded.
The orc priest misses you.
You closely miss the orc priest.
The orc priest is moderately wounded.
You hit the orc priest but do no damage.
The orc priest is heavily wounded.
The orc priest closely misses you.
You hit the orc priest but do no damage.
Your tail-slap misses the orc priest.
The orc priest is heavily wounded.
You hit the orc priest but do no damage.
You punch the orc priest.
The orc priest is heavily wounded.
The orc priest looks more healthy.
The orc priest barely misses you.
You hit the orc priest but do no damage.
You tail-slap the orc priest.
The orc priest is severely wounded.
The orc priest completely misses you.
You hit the orc priest but do no damage.
The orc priest is severely wounded.
You hit the orc priest but do no damage.
The orc priest is severely wounded.
The orc priest closely misses you.
You hit the orc priest but do no damage.
The orc priest is severely wounded.
You hit the orc priest but do no damage.
The orc priest is severely wounded.
The orc priest closely misses you.
You hit the orc priest but do no damage.
You tail-slap the orc priest, but do no damage.
The orc priest is severely wounded.
The orc priest hits you with a +1 heavy hand axe!
You hit the orc priest but do no damage.
The orc priest is severely wounded.
You hit the orc priest but do no damage.
The orc priest is severely wounded.
The orc priest miscasts a cantrip.
You barely miss the orc priest.
The orc priest is severely wounded.
The orc priest mumbles some strange prayers to Beogh against you.
Pain shoots through your body!
You barely miss the orc priest.
The orc priest is severely wounded.
The orc priest invokes the aid of Beogh against you.
Pain shoots through your body!
You hit the orc priest but do no damage.
Your tail-slap misses the orc priest.
The orc priest is severely wounded.
The orc priest closely misses you.
You barely miss the orc priest.
Your tail-slap misses the orc priest.
The orc priest is severely wounded.
You hit the orc priest but do no damage.
The orc priest is severely wounded.
The orc priest hits you with a +1 heavy hand axe.
* * * LOW HITPOINT WARNING * * *
You hit the orc priest.
The orc priest is almost dead.
You hit the orc priest but do no damage.
You tail-slap the orc priest, but do no damage.
The orc priest is almost dead.
The orc priest barely misses you.
You barely miss the orc priest.
The orc priest is severely wounded.
The orc priest calls down the wrath of Beogh upon you.
Pain shoots through your body!
* * * LOW HITPOINT WARNING * * *
You barely miss the orc priest.
The orc priest is severely wounded.
The orc priest misses you.
Okay, then.
Unknown command.
You hit the orc priest but do no damage.
You punch the orc priest.
The orc priest is almost dead.
You barely miss the orc priest.
Your tail-slap misses the orc priest.
You punch the orc priest, but do no damage.
The orc priest is almost dead.
The orc priest barely misses you.
You completely miss the orc priest.
Your tail-slap misses the orc priest.
The orc priest is almost dead.
You hit the orc priest.
The orc priest is almost dead.
The orc priest looks encouraged for a moment.
You barely miss the orc priest.
The orc priest is almost dead.
The orc priest calls down the wrath of Beogh upon you.
Pain shoots through your body!
You die...

Skill      XL: |  1  2  3  4  5  6 |
---------------+-------------------+-----
Stealth        | 2 3 4 |  4.0
Dodging        | 3 |  3.5
Unarmed Combat | 4 |  4.7
Fighting       | 4 |  4.4

Action                   |  1- 3 |  4- 6 || total
-------------------------+-------+-------++-------
Melee: Unarmed           |   150 |   172 ||   322
       Tailslap          |    13 |    21 ||    34
       Punch             |     2 |     4 ||     6
Throw: Dart              |       |     5 ||     5
  Use: Potion            |     7 |     2 ||     9
 Stab: Sleeping          |     8 |     1 ||     9
       Distracted        |       |     1 ||     1
Armor: Skin              |    46 |    32 ||    78
Dodge: Dodged            |   126 |   123 ||   249

Levels and vault maps discovered:
D:1:      sevenhm_arrival_forest_fort_small_3, layout_loops_ring
D:2:      layout_basic
D:3:      layout_rooms, uniq_natasha, uniq_jessica
D:4:      minmay_skewed_foursquare, layout_basic, lemuel_blue_sif_altar,
          ashenzari_conservatory_becter

Notes
Turn   | Place    | Note
-------+----------+-------------------------------------------
     0 | D:1      | scionoferis the Draconian Monk began the quest for the Orb.
     0 | D:1      | Reached XP level 1. HP: 19/19 MP: 1/1
   178 | D:1      | Reached skill level 2 in Stealth
   336 | D:1      | Reached XP level 2. HP: 26/26 MP: 2/2
   851 | D:2      | Reached XP level 3. HP: 31/31 MP: 3/3
  1387 | D:3      | Noticed Jessica
  1462 | D:2      | Reached skill level 3 in Dodging
  1462 | D:2      | Reached XP level 4. HP: 15/40 MP: 4/4
  1468 | D:2      | Killed Jessica
  1469 | D:2      | Reached skill level 3 in Stealth
  1637 | D:3      | Noticed Natasha
  1655 | D:3      | Killed Natasha
  1656 | D:3      | Reached skill level 4 in Unarmed Combat
  1750 | D:3      | Noticed Natasha
  1766 | D:3      | Killed Natasha
  1767 | D:3      | Reached skill level 4 in Fighting
  1767 | D:3      | Reached XP level 5. HP: 29/46 MP: 5/5
  1840 | D:3      | Noticed Natasha
  1864 | D:2      | Killed Natasha
  2333 | D:4      | HP: 4/46 [orc wizard/+0 dagger (3)]
  2336 | D:4      | Reached XP level 6. HP: 7/53 MP: 6/6
  2339 | D:4      | Reached skill level 4 in Stealth
  2823 | D:4      | Killed from afar by an orc priest

Vanquished Creatures
  2 orc priests (D:4)
  Jessica (D:2)
  Natasha (thrice) (D:3 D:2)
  3 orc wizards (D:2 D:4)
  3 adders (D:4)
  A worm (D:2)
  8 orcs (D:2 D:3 D:4)
  7 ball pythons (D:2 D:3 D:4)
  6 endoplasms (D:2 D:3)
  4 giant cockroaches (D:1)
  4 goblins (D:1 D:2 D:3)
  4 hobgoblins (D:2 D:3 D:4)
  2 quokkas (D:3 D:4)
  6 bats (D:1 D:2 D:3)
  5 frilled lizards (D:1 D:2)
  7 kobolds (D:1 D:2 D:3)
  7 rats (D:1 D:2 D:3)
73 creatures vanquished.

Table legend: (Time is in decaauts)
 A = Elapsed time spent in this place.
 B = Non-inter-level travel time spent in this place.
 C = Inter-level travel time spent in this place.
 D = Time resting spent in this place.
 E = Time spent auto-exploring this place.
 F = Levels seen in this place.
 G = Mean time per level.
                   A        B        C        D        E       F      G
               +--------+--------+--------+--------+--------+-----+--------+
         Total |   2808 |   2728 |     80 |    401 |   1669 |   4 |  702.0 |
       Dungeon |   2808 |   2728 |     80 |    401 |   1669 |   4 |  702.0 |
               +--------+--------+--------+--------+--------+-----+--------+

Top non-repeatable levels by time:
     D:2: 985 daAuts
     D:1: 676 daAuts
     D:4: 583 daAuts
     D:3: 562 daAuts

Table legend:
 A = Non-vault XP
 B = Vault XP
 C = Vault XP percentage of total XP
 D = Non-vault monster count
 E = Vault monster count
 F = Vault count percentage of total count
                 A         B        C        D         E       F
            +---------+---------+-------+---------+---------+-------
      Total |     410 |      75 |  15.5 |      70 |       3 |   4.1
            +---------+---------+-------+---------+---------+-------
        D:1 |      22 |       0 |   0.0 |      15 |       0 |   0.0
        D:2 |     115 |      37 |  24.3 |      26 |       1 |   3.7
        D:3 |      60 |      37 |  38.1 |      14 |       1 |   6.7
        D:4 |     213 |       1 |   0.5 |      15 |       1 |   6.2
            +---------+---------+-------+---------+---------+-------
